AoeStats
← CaptainQS

Arena

509502833Analyzed
4v4 RM · 4d ago on Sep 27, 2026· 40m 4s· 8 players
Game mode
Random Map
Map size
Large (8 player)
Population
200
Speed
Normal
Resources
Standard
Victory
Conquest
Starting age
Dark Age
Ending age
Imperial Age
RankedLock teamsTeams togetherTeam positionsShared explorationLock speedFull tech treeHidden civsTurbo modeCheats
Victory
Defeat
🇨🇿 Berbers · Czechia
1473
+14
🇨🇳 Khmer · China
1431
+16
🇨🇦 Byzantines · Canada
1397
+17
🇦🇷 Franks · Argentina
1387
+18
🇺🇸 Malay · United States
1528
-20
🇺🇸 Teutons · United States
1448
-17
🇦🇷 Romans · Argentina
1390
-15
🇺🇸 Aztecs · United States
1346
-13
祈求好运
10:05 Feudal Age
14:34 Castle Age
13:08 Double-Bit Axe
13:53 Horse Collar
16:35 Bow Saw
21:52 Loom
23:09 Scale Barding Armor
25:09 Chain Barding Armor
25:52 Wheelbarrow
26:35 Heavy Plow
27:41 Hand Cart
32:15 Imperial Age
29:58 Gold Mining
29:59 Stone Mining
33:29 Forging
33:20 Scale Mail Armor
33:29 Double Crossbow
33:52 Conscription
32:59 Pikeman
33:25 Arson
33:53 Husbandry
34:04 Bloodlines
34:25 Siege Engineers
35:10 Iron Casting
34:00 Halberdier
35:10 Chain Mail Armor
35:33 Gold Shaft Mining
37:22 Blast Furnace
35:56 Capped Ram
37:31 Stone Shaft Mining
36:43 Heavy Scorpion
39:25 Fletching
40:02 Ballistics
CaptainQS
10:21 Feudal Age
11:43 Loom
15:20 Castle Age
14:01 Double-Bit Axe
13:57 Horse Collar
22:28 Bow Saw
24:11 Heavy Plow
31:01 Imperial Age
29:12 Wheelbarrow
29:28 Fletching
29:39 Padded Archer Armor
30:00 Gold Mining
30:01 Stone Mining
31:00 Bodkin Arrow
31:20 Leather Archer Armor
32:15 Gold Shaft Mining
31:51 Bracer
33:07 Ring Archer Armor
33:02 Ballistics
32:07 Crossbowman
34:47 Chemistry
33:22 Arbalester
34:07 Thumb Ring
38:50 Forging
38:40 Scale Mail Armor
40:52 Hand Cart
Bananaman651
10:56 Feudal Age
14:58 Castle Age
15:08 Double-Bit Axe
15:06 Horse Collar
16:06 Bow Saw
15:57 Heavy Plow
16:38 Loom
25:29 Wheelbarrow
26:40 Hand Cart
29:56 Imperial Age
27:22 Gold Mining
28:04 Scale Barding Armor
28:22 Forging
29:10 Husbandry
29:32 Chain Barding Armor
29:39 Masonry
30:26 Gold Shaft Mining
29:59 Heavy Camel Rider
31:05 Bloodlines
30:41 Cavalier
31:57 Iron Casting
31:25 Maghrebi Camels
32:35 Chemistry
31:45 Stone Mining
33:13 Plate Barding Armor
34:56 Blast Furnace
33:42 Light Cavalry
34:16 Fletching
36:06 Hussar
36:32 Heavy Cavalry Archer
37:19 Thumb Ring
37:16 Padded Archer Armor
37:11 Bodkin Arrow
37:37 Ballistics
Ricardo Arjona
10:29 Feudal Age
11:44 Loom
14:30 Castle Age
12:36 Double-Bit Axe
16:42 Bow Saw
21:17 Wheelbarrow
22:32 Hand Cart
22:09 Gold Mining
22:15 Stone Mining
27:07 Imperial Age
25:02 Scale Barding Armor
25:28 Forging
26:01 Gold Shaft Mining
26:12 Chain Barding Armor
26:13 Husbandry
26:26 Town Watch
28:25 Plate Barding Armor
27:28 Cavalier
30:12 Iron Casting
30:39 Conscription
34:09 Chivalry
33:44 Paladin
38:19 Blast Furnace
37:10 Fletching
37:39 Scale Mail Armor
APPM
9:56 Feudal Age
10:56 Double-Bit Axe
13:35 Castle Age
12:54 Horse Collar
19:12 Loom
20:38 Gold Mining
22:52 Gold Shaft Mining
23:22 Wheelbarrow
26:48 Imperial Age
25:40 Bow Saw
27:04 Hand Cart
28:22 Eagle Warrior
29:24 Fletching
30:01 Bodkin Arrow
29:41 Elite Eagle Warrior
33:26 Scale Mail Armor
35:30 Conscription
36:11 Squires
36:28 Chain Mail Armor
36:24 Forging
35:57 Pikeman
38:52 Plate Mail Armor
K1llaCapPilla
6:48 Loom
11:36 Feudal Age
12:55 Double-Bit Axe
15:45 Castle Age
13:29 Horse Collar
16:51 Bow Saw
19:24 Wheelbarrow
23:51 Hand Cart
24:26 Heavy Plow
24:17 Gold Mining
26:09 Stone Mining
29:37 Imperial Age
28:23 Fletching
28:55 Ballistics
29:17 Scale Mail Armor
30:04 Bodkin Arrow
29:52 Elite Teutonic Knight
31:12 Conscription
31:51 Chain Mail Armor
31:38 Squires
32:56 Chemistry
33:16 Plate Mail Armor
32:39 Gambesons
34:50 Masonry
36:27 Forging
36:04 Arson
38:09 Iron Casting
38:07 Crop Rotation
Eat_Rice
7:11 Loom
9:27 Feudal Age
10:49 Double-Bit Axe
14:40 Fletching
18:41 Wheelbarrow
21:56 Castle Age
21:57 Bow Saw
24:10 Hand Cart
24:01 Gold Mining
23:54 Horse Collar
25:05 Heavy Plow
27:31 Gold Shaft Mining
27:55 Forging
32:39 Imperial Age
29:51 Pikeman
31:12 Squires
33:16 Conscription
33:33 Iron Casting
34:29 Halberdier
36:11 Blast Furnace
38:04 Bodkin Arrow
38:10 Padded Archer Armor
38:08 Elite Skirmisher
39:35 Bracer
39:50 Leather Archer Armor
40:32 Ballistics
41:12 Chemistry
seba_aof
11:25 Feudal Age
12:41 Double-Bit Axe
15:23 Castle Age
13:24 Horse Collar
18:17 Town Watch
20:57 Loom
25:43 Heavy Plow
28:13 Town Patrol
28:53 Wheelbarrow
28:07 Pikeman
29:55 Bow Saw
29:38 Gold Mining
33:23 Scale Mail Armor
37:02 Imperial Age
35:04 Chain Mail Armor
37:22 Imperial Age
34:53 Fletching
36:29 Forging
36:15 Bodkin Arrow
38:29 Iron Casting
38:06 Squires
Connection lost

Rejoining the realm…

Still unreachable

The connection could not be restored.

Session expired

The server has moved on; the page needs a fresh start.